 Dungeon Crawl Stone Soup version 0.27.1-1-g398f81649c (webtiles) character file.

Game seed: 15447120307949002145

3745 Kangaroobicon the Slasher (level 9, 0/88 HPs)
             Began as a Troll Monk on Sept 19, 2021.
             Was a High Priest of Qazlal.
             Slain by Erica (8 damage)
             ... on level 9 of the Dungeon on Sept 20, 2021.
             The game lasted 01:30:28 (6124 turns).

Kangaroobicon the Slasher (Troll Monk)              Turns: 6124, Time: 01:30:28

Health: 0/88       AC:  7    Str: 21    XL:     9   Next: 93%
Magic:  8/8        EV: 10    Int:  8    God:    Qazlal [*****.]
Gold:   453        SH: 18    Dex: 13    Spells: 8/8 levels left

rFire    . . .     SeeInvis .   z - +1 demon blade (venom)
rCold    . . .     Faith    +   S - +2 kite shield
rNeg     . . .     Spirit   .   a - +0 robe
rPois    .         Reflect  .   (helmet restricted)
rElec    .         Harm     .   (no cloak)
rCorr    .         Rampage  .   (gloves unavailable)
Will     .....                  (boots unavailable)
Stlth    +.........             L - amulet of faith
HPRegen  1.24/turn              (no ring)
MPRegen  0.11/turn              (no ring)

@: protected from physical damage, slowed, repel missiles, very slow
A: large, unfitting armour, claws 3, regeneration 1, shaggy fur 1, tough skin 1
a: Renounce Religion, Upheaval, Elemental Force, Disaster Area


You were on level 9 of the Dungeon.
You worshipped Qazlal.
Qazlal was extremely pleased with you.
You visited 2 branches of the dungeon, and saw 10 of its levels.

You collected 479 gold pieces.
You spent 26 gold pieces at shops.

Inventory:

Hand Weapons
 g - a +2 hand axe of pain
 v - a +2 vorpal spear
 z - a +1 demon blade of venom (weapon)
 A - a +0 shortbow
 D - a +4 mace
 H - a +1 trident of pain
 O - a +1 war axe of flaming
 Q - a +0 arbalest
 V - a +1 dagger of venom
Missiles
 c - 217 stones
 f - 134 arrows
 k - 152 bolts
 l - 25 poisoned darts
 n - 4 boomerangs (quivered)
 p - 60 sling bullets
 B - 2 curare-tipped darts
 M - 5 large rocks
Armour
 a - a +0 robe (worn)
 w - a +0 animal skin
 S - a +2 kite shield (worn)
Jewellery
 L - an amulet of faith (around neck)
 X - an amulet of reflection
Wands
 e - a wand of acid (9)
 t - a wand of paralysis (3)
 u - a wand of polymorph (5)
 N - a wand of flame (39)
Scrolls
 b - 2 scrolls of enchant weapon {unknown}
 d - a scroll of magic mapping {unknown}
 h - 2 scrolls of teleportation {unknown}
 i - 2 scrolls of enchant armour {unknown}
 y - a scroll of acquirement {unknown}
 C - 3 scrolls of immolation
 E - a scroll of holy word {unknown}
 F - 3 scrolls of fog
 G - 2 scrolls of vulnerability {unknown}
 I - a scroll of noise {unknown}
 K - a scroll of amnesia {unknown}
 T - a scroll of brand weapon {unknown}
 W - 2 scrolls of fear {unknown}
Potions
 j - 2 potions of invisibility
 m - 2 potions of curing
 o - 3 potions of flight {unknown}
 q - a potion of might {unknown}
 r - 2 potions of brilliance {unknown}
 s - a potion of degeneration {unknown}
 x - a potion of haste
 J - a potion of mutation {unknown}
 P - a potion of lignification {unknown}
 R - a potion of cancellation {unknown}
 U - a potion of berserk rage {unknown}


   Skills:
 + Level 5.0 Fighting
 + Level 6.8 Long Blades
 + Level 2.9 Throwing
 + Level 5.6 Dodging
 - Level 1.8 Stealth
 + Level 3.6 Shields
 + Level 6.3 Unarmed Combat


You had 8 spell levels left.
You didn't know any spells.
Your spell library contained the following spells:

 Spells                   Type           Power      Damage    Failure   Level
 Magic Dart               Conj           0%         1d3       80%         1
 Call Imp                 Summ           0%         N/A       91%         2
 Ensorcelled Hibernation  Hex/Ice        0%         N/A       91%         2
 Static Discharge         Conj/Air       0%         N/A       91%         2
 Sublimation of Blood     Necr           0%         N/A       91%         2
 Wereblood                Tmut           0%         N/A       91%         2
 Gell's Gravitas          Tloc           0%         N/A       99%         3
 Inner Flame              Hex/Fire       0%         N/A       99%         3
 Mephitic Cloud           Conj/Pois/Air  0%         N/A       99%         3
 Spider Form              Tmut/Pois      0%         N/A       99%         3
 Teleport Other           Tloc           0%         N/A       99%         3
 Cause Fear               Hex            0%         N/A       100%        4
 Dispel Undead            Necr           0%         3d6       100%        4
 Sticky Flame             Conj/Fire      0%         2d3       100%        4
 Dispersal                Tloc           0%         N/A       100%        6
 Shadow Creatures         Summ           N/A        N/A       100%        6
 Summon Hydra             Summ           0%         N/A       100%        7
 Borgnjor's Revivificati  Necr           0%         N/A       100%        8
 Discord                  Hex            0%         N/A       100%        8
 Necromutation            Tmut/Necr      0%         N/A       100%        8
 Death's Door             Necr           0%         N/A       100%        9


Dungeon Overview and Level Annotations

Branches:
Dungeon (9/15)             Temple (1/1) D:6
   Lair: D:8-11         Orc: D:9-12

Altars:
Ashenzari
Cheibriados
Dithmenos
Elyvilon
Fedhas
Gozag
Hepliaklqana
Kikubaaqudgha
Makhleb
Nemelex Xobeh
Okawaru
Qazlal
Ru
Sif Muna
Trog
Uskayaw
Vehumet
Wu Jian
Xom
Yredelemnul
Zin
The Shining One

Shops:
D:3 ?

Annotations:
D:9 Erica


Innate Abilities, Weirdness & Mutations

You are too large for most types of armour.
You have claws for hands.
Your natural rate of healing is unusually fast.
You are covered in fur. (AC +1)
You have tough skin. (AC +1)


Message History

An orc comes into view. It is wielding a +0 war axe.
The orc is struck by lightning.
You kill the orc!
Qazlal accepts your kill.
The orc is engulfed in freezing vapours.
You kill the orc!
Qazlal accepts your kill. You block Erica's attack.
The orc moves out of view.
You hit Erica.
Erica is heavily wounded.
Erica casts a spell at you. The lance of force hits you!
You feel protected from physical attacks.
You are knocked back by the lance of force.
You slam into the rock wall!
The orc warrior throws a boomerang.
The boomerang closely misses you.
You slash Erica!
Erica is poisoned.
Erica is severely wounded.
Erica casts a spell.
Erica flickers and vanishes!
Deactivating autopickup; reactivate with Ctrl-A.
The orc warrior hits you with a +0 scimitar.
You block something's attack.
You hit something. You block the orc warrior's attack.
You hear some strange, mumbled words.
You feel as though you will be slow longer.
You block the orc warrior's attack.
You miss something. Something hits you! Something burns you.
The orc warrior hits you with a +0 scimitar!
Something hits you.
You feel more protected from physical attacks.
Something burns you.
The orc warrior hits you with a +0 scimitar!
You feel more protected from physical attacks.
You hit something. Something hits you! Something burns you.
* * * LOW HITPOINT WARNING * * *
You block the orc warrior's attack. Something hits you!
* * * LOW HITPOINT WARNING * * *
Something burns you!
You die...

########## #.#.
#........# ....
+........# #.#.#.#.
#........#
........###........#
#.#.#.#.##........#
......##........#
#.#.#.#o#§○........#
......☼o@.§#'#######
.#.#.#.#{o##.##
.....))o.##..#
.#.#.#.#####.#
......$ ###'######
.#o#.#.. #........#
. ..... +........#
#.#.## #........# .#
#<.......#


You could see an orc warrior and 3 orcs.

Vanquished Creatures
  A manticore (D:8)
  A yaktaur (D:8)
  A hornet (D:8)
  A steam dragon (D:7)
  Menkaure (D:4)
  2 ice beasts
  An orc warrior (D:4)
  A hornet zombie (D:8)
  A sky beast (D:7)
  3 black bears
  An ogre (D:5)
  2 centaurs
  The ghost of Jabberih the Insei, an amateur OpTm (D:4)
  4 bullfrogs
  3 kobold brigands
  A gnoll sergeant (D:8)
  2 scorpions
  A howler monkey (D:6)
  A bullfrog zombie (D:4)
  6 centaur zombies
  2 centaur skeletons (D:7)
  2 hounds
  4 orc priests
  2 bullfrog skeletons (D:6)
  4 orc wizards
  2 iguanas
  A hound skeleton (D:4)
  Robin (D:4)
  11 adders
  A shadow imp (D:8)
  An ufetubus (D:6)
  An adder zombie (D:4)
  A worm (D:5)
  A dart slug (D:1)
  24 orcs
  10 ball pythons
  9 bats
  6 endoplasms
  2 giant cockroaches
  14 goblins
  11 hobgoblins
  15 kobolds
  6 quokkas
  6 frilled lizards
  3 rats
  A bush (D:5)
  2 butterflies (D:6)
178 creatures vanquished.

Notes
Turn   | Place    | Note
-------+----------+-------------------------------------------
     0 | D:1      | Kangaroobicon the Troll Monk began the quest for the Orb.
     0 | D:1      | Reached XP level 1. HP: 22/22 MP: 0/0
    82 | D:1      | Reached XP level 2. HP: 29/29 MP: 1/1
   154 | D:1      | Found a faded altar of an unknown god.
   165 | D:1      | Became a worshipper of Qazlal Stormbringer
   165 | D:1      | Reached * piety under Qazlal
   165 | D:1      | Reached ** piety under Qazlal
   294 | D:1      | Reached *** piety under Qazlal
   369 | D:1      | Reached XP level 3. HP: 36/36 MP: 2/2
   879 | D:2      | Reached XP level 4. HP: 44/44 MP: 3/3
  1095 | D:3      | Found Wurgheygg's Magic Scroll Boutique.
  1098 | D:3      | Bought a scroll of identify for 26 gold pieces
  1498 | D:3      | Reached XP level 5. HP: 52/52 MP: 4/4
  1604 | D:3      | Reached **** piety under Qazlal
  2002 | D:4      | Noticed Robin
  2010 | D:4      | Killed Robin
  2021 | D:4      | Reached skill level 5 in Unarmed Combat
  2034 | D:4      | Noticed Menkaure
  2044 | D:4      | Reached XP level 6. HP: 38/61 MP: 5/5
  2046 | D:4      | Killed Menkaure
  2047 | D:4      | Reached skill level 1 in Shields
  2170 | D:4      | You fall into a shaft and drop 2 floors!
  2245 | D:6      | Reached skill level 1 in Throwing
  2252 | D:6      | Reached XP level 7. HP: 67/67 MP: 6/6
  2371 | D:6      | Reached skill level 1 in Long Blades
  2380 | D:6      | Found a staircase to the Ecumenical Temple.
  2413 | D:6      | Reached ***** piety under Qazlal
  2414 | D:6      | Reached XP level 8. HP: 72/75 MP: 7/7
  2481 | Temple   | Entered the Ecumenical Temple
  2887 | D:5      | Entered Level 5 of the Dungeon
  2941 | D:5      | Found a sacrificial altar of Ru.
  3145 | D:5      | Found a shimmering altar of Xom.
  3715 | D:4      | Found a runed translucent gate.
  3715 | D:4      | Found a runed translucent gate.
  3715 | D:4      | Found a runed translucent gate.
  3715 | D:4      | Noticed Jabberih's ghost (amateur OpTm)
  3717 | D:4      | Found a basalt altar of Yredelemnul.
  3745 | D:4      | Killed Jabberih's ghost
  3825 | D:4      | Found a blossoming altar of Fedhas.
  4272 | D:7      | Reached skill level 5 in Long Blades
  4272 | D:7      | Reached skill level 5 in Dodging
  4272 | D:7      | Reached XP level 9. HP: 47/84 MP: 8/8
  4830 | D:8      | Paralysed by a hornet for 1 turns
  4851 | D:8      | Found a hide-covered altar of Uskayaw.
  4996 | D:8      | Found a sparkling altar of Nemelex Xobeh.
  5505 | D:8      | Found a runed translucent door.
  5507 | D:8      | Noticed a yaktaur
  5508 | D:8      | Noticed a manticore
  5535 | D:8      | Killed a yaktaur
  5557 | D:8      | Killed a manticore
  5916 | D:8      | Reached skill level 5 in Fighting
  6111 | D:9      | Noticed Erica
  6124 | D:9      | Slain by Erica

Illustrated notes

Levels and vault maps discovered:
D:1:      ncdulo_halloftheorcs, layout_loops_ring,
          ebering_ecumenical_altar_mist, glass_columns_b
D:2:      layout_loops_cross, minmay_circled_x
D:3:      layout_loops_corners, serial_shops, nicolae_shop_window_shopping,
          grunt_decor_mini_mirrors, dk_noncrumbling_3
D:4:      cheibrodos_helix_gallery, layout_cave_pools,
          nicolae_yredelemnul_ghost_church, mainiacjoe_overflow_catwalk,
          uniq_robin, uniq_menkaure
D:5:      black_bear_nest_1, layout_basic, mainiacjoe_overflow_paths,
          lemuel_tele_altar, kb_lookout_dungeons_type
D:6:      layout_loops_ring, minmay_temple_entry_butterflies,
          grunt_ministairs_10
D:7:      layout_loops_ring, eino_small_chamber_without_monster
D:8:      layout_gridville, nicolae_overflow_hidden_temple,
          nicolae_uskayaw_dance_studio, wad_hexagon
D:9:      layout_roguey [special_room_orc], david_orc_3, special_room
          [special_room_orc], serial_shops, nicolae_shop_window_shopping,
          hex_large, uniq_erica, uniq_pikel
Temple:   eino_temple_rhombus

Skill      XL: |  1  2  3  4  5  6  7  8  9 |
---------------+----------------------------+-----
Dodging        | 3 4 5 |  5.6
Unarmed Combat | 4 5 6 |  6.3
Fighting       | 3 4 5 |  5.0
Shields        | 1 2 3 |  3.6
Throwing       | 1 2 |  2.9
Long Blades    | 2 5 6 |  6.8
Stealth        | |  1.8

Action                   |  1- 3 |  4- 6 |  7- 9 || total
-------------------------+-------+-------+-------++-------
Melee: Unarmed           |    86 |   105 |    12 ||   203
       Punch             |       |     3 |    12 ||    15
       Demon blade       |       |       |   270 ||   270
Throw: Dart              |       |    15 |       ||    15
       Boomerang         |       |       |    36 ||    36
  Use: Scroll            |       |     3 |     3 ||     6
       Potion            |       |     1 |    10 ||    11
Armor: Robe              |    27 |    46 |    81 ||   154
Dodge: Dodged            |    45 |    61 |   151 ||   257
       Repelled          |       |       |     2 ||     2
Block: Other             |    12 |    21 |    90 ||   123
       Kite shield       |       |       |    30 ||    30
       Rpst.: Demon blade |       |       |    32 ||    32
